 Dungeon Crawl Stone Soup version 0.29-a0-495-g17b79114eb (webtiles) character file.

Game seed: 660362193897354119

12 pokeman the Magician (level 2, -1/16 HPs)
             Began as a Deep Elf Hedge Wizard on May 28, 2022.
             Slain by a jackal (3 damage)
             ... on level 1 of the Dungeon.
             The game lasted 00:01:09 (648 turns).

pokeman the Magician (Deep Elf Hedge Wizard)         Turns: 648, Time: 00:01:10

Health: -1/16      AC:  2    Str:  7    XL:     2   Next: 20%
Magic:  6/9        EV: 12    Int: 18    God:
Gold:   27         SH:  0    Dex: 14    Spells: 9/10 levels left

rFire   . . .      SeeInvis .   f - +0 spear
rCold   . . .      Faith    .   (no shield)
rNeg    . . .      Spirit   .   b - +0 robe
rPois   .          Reflect  .   c - +0 hat
rElec   .          Harm     .   (no cloak)
rCorr   .          Rampage  .   (no gloves)
Will    .....                   (no boots)
Stlth   ++........              (no amulet)
HPRegen 0.05/turn               (no ring)
MPRegen 0.11/turn               (no ring)

@: no status effects
A: no striking features
a: no special abilities


You were on level 1 of the Dungeon.
You visited 1 branch of the dungeon, and saw 1 of its levels.

You collected 27 gold pieces.

Inventory:

Hand Weapons
 a - a +0 dagger
 f - a +0 spear (weapon)
Armour
 b - a +0 robe (worn)
 c - a +0 hat (worn)
 g - a +0 leather armour
Scrolls
 e - a scroll of teleportation {unknown}
Potions
 d - a potion of magic


   Skills:
 + Level 0.4 Fighting
 + Level 0.4 Armour
 - Level 2.4 Dodging
 - Level 2.4 Stealth
 * Level 4.8 Spellcasting
 + Level 1.4 Conjurations
 - Level 1.1 Summonings
 - Level 1.1 Translocations


You had 9 spell levels left.
You knew the following spells:

 Your Spells              Type           Power      Damage    Failure   Level
a - Magic Dart            Conj           36%        1d4       8%          1

Your spell library contained the following spells:

 Spells                   Type           Power      Damage    Failure   Level
 Blink                    Tloc           16%        N/A       13%         2
 Call Imp                 Summ           8%         N/A       13%         2
 Slow                     Hex            16%        N/A       14%         1
 Conjure Flame            Conj/Fire      6%         6-21      30%         3
 Mephitic Cloud           Conj/Pois/Air  6%         N/A       32%         3


Dungeon Overview and Level Annotations

Branches:
Dungeon (1/15)

Altars:


Message History

A nearby plant withers and dies.
The jackal bites the plant.
The plant begins to die.
The goblin hits the plant with a +0 club.
The jackal bites you.
* * * LOW HITPOINT WARNING * * *
f - a +0 spear (weapon)
Unknown command.
You closely miss the jackal.
The jackal bites the plant.
The plant begins to die.
The jackal bites the plant.
The jackal barely misses you.
The jackal bites the plant. x2
The jackal barely misses you.
You closely miss the jackal.
A nearby plant withers and dies. x2
The jackal bites the plant. x2; The jackal closely misses you.
The hobgoblin hits the plant.
The jackal bites the plant.
The plant begins to die.
The jackal bites the plant.
The goblin hits the plant with a +0 club.
The plant begins to die.
The goblin hits the plant with a +0 club.
The jackal bites the plant.
The jackal barely misses you.
You miss the jackal.
The goblin hits the plant with a +0 club.
The jackal bites the plant.
The plant begins to die.
The hobgoblin completely misses the plant.
The jackal bites the plant.
The jackal barely misses you.
You barely miss the jackal.
A nearby plant withers and dies.
The jackal bites the plant. x2; The jackal closely misses you.
The goblin hits the plant with a +0 club.
The jackal bites the plant. x2; The jackal barely misses you.
You hit the jackal but do no damage. You punch the jackal.
The jackal is lightly wounded.
The goblin hits the plant with a +0 club.
The jackal bites the plant. x2; The jackal closely misses you.
The goblin hits the plant with a +0 club.
You hit the jackal but do no damage.
The jackal is lightly wounded.
A nearby plant withers and dies. x3; The jackal barely misses you.
The jackal bites the plant.
The plant begins to die.
The jackal bites the plant.
The jackal bites you.
You die... ##PPP.PP.PPP.PP.PP #PP.PP.PP.PP.PP.PP....... .####PP.P.PP.P.PP.P.PP..........# .....PP.P.P.PPP.P.P.PP..........# ...##PP.P.PP.P.PP.P.PP.)........# .. #PP.PP.PP.PP.PP.PP.....

...# .
#PPP.PP.PPP.PP.PPP#..†##...#
#PPP.PPP...PPP.PPP..#......# #
#PPPP..PP.hP@.PPPP........# #.
#PPPPP....hhPPPPPP........#
...#P.PPPPP..gg..PPPP........#
#............g.......÷....>.#
##.#...÷.......#....##......#
#.....####.#......###......#
###...####...>#..###..†....#
#..#........#.............###
#>.##.........[#####.........#


You could see 3 jackals, a hobgoblin and 2 goblins.

Vanquished Creatures
  A dart slug (D:1)
  A giant cockroach (D:1)
  A goblin (D:1)
  4 hobgoblins (D:1)
  A jackal (D:1)
8 creatures vanquished.

Vanquished Creatures (others)
  9 plants (D:1)
9 creatures vanquished.

Grand Total: 17 creatures vanquished

Notes
Turn   | Place    | Note
-------+----------+-------------------------------------------
     0 | D:1      | pokeman the Deep Elf Hedge Wizard began the quest for the
                  | Orb.
     0 | D:1      | Reached XP level 1. HP: 10/10 MP: 7/7
   345 | D:1      | Reached XP level 2. HP: 11/15 MP: 1/9
   648 | D:1      | Slain by a jackal

Illustrated notes

Levels and vault maps discovered:
D:1:      roderic_crop_circles_arrival_small, layout_rooms,
          hellmonk_ecumenical_altar_inner_sanctum, serial_bayou_lagoon_b

Action                   || total
-------------------------++-------
Melee: Dagger            ||    13
       Spear             ||     6
       Punch             ||     1
 Cast: Magic Dart        ||    31
Armor: Robe              ||     6
Dodge: Dodged            ||    37

Table legend: (Time is in decaauts)
 A = Elapsed time spent in this place.
 B = Non-inter-level travel time spent in this place.
 C = Inter-level travel time spent in this place.
 D = Time resting spent in this place.
 E = Time spent auto-exploring this place.
 F = Levels seen in this place.
 G = Mean time per level.
                   A        B        C        D        E       F      G
               +--------+--------+--------+--------+--------+-----+--------+
         Total |    648 |    648 |      0 |    164 |    378 |   1 |  648.0 |
       Dungeon |    648 |    648 |      0 |    164 |    378 |   1 |  648.0 |
               +--------+--------+--------+--------+--------+-----+--------+

Top non-repeatable levels by time:
     D:1: 648 daAuts
